[ AOE2 MATCH · #507010874 ]
UnrankedJapanese vs Mongols
Player's team · LOSS
Rival team · WIN
[ REPLAY ANALYSIS · EXTRACTED FROM THE RECORDED GAME ]
Feudal
9:29
Castle
30:22
Imperial
47:43
| APM avg | 57.9 |
| APM peak | 110 |
| eAPM avg | 25.4 |
| Villagers / military | 226 / 251 |
Focus
⚔️ 38.7% · 🌾 61.3%
Spearman ×70 · Cavalry Archer ×65 · Skirmisher ×31 · Trebuchet (Packed) ×19 · Militia ×16 · Knight ×14
Feudal
10:11
Castle
15:51
Imperial
46:35
| APM avg | 67.4 |
| APM peak | 146 |
| eAPM avg | 23.1 |
| Villagers / military | 138 / 307 |
Focus
⚔️ 40.5% · 🌾 59.5%
Scout Cavalry ×172 · Mangudai ×93 · Petard ×14 · Trebuchet (Packed) ×9 · Knight ×6 · Monk ×4
Match map
Initial resources + every placement click. Lines = walls · curves = elevation contours. ◆ gold · ⬟ stone · ● berries · ✦ relic · ◌ wall gap
Your base· ✓ Map-separated
NotATeamPlayer's base· ✓ Map-separated
Smoothed initial terrain · ◌ = detected wall gap · hover for details
Inputs per minute
— 新竹 - - NotATeamPlayer
Build order — 新竹
First 150 of 777 actions detected
| 0:00 | Queue | Villager (Male) |
| 0:00 | Queue | Villager (Male) |
| 0:01 | Queue | Villager (Male) |
| 0:01 | Queue | Villager (Male) |
| 0:04 | Build | House |
| 1:33 | Queue | Villager (Male) |
| 1:33 | Queue | Villager (Male) |
| 2:06 | Queue | Villager (Male) |
| 2:06 | Queue | Villager (Male) |
| 2:06 | Queue | Villager (Male) |
| 2:10 | Build | Lumber Camp |
| 2:26 | Queue | Villager (Male) |
| 2:26 | Queue | Villager (Male) |
| 2:26 | Queue | Villager (Male) |
| 2:43 | Build | House |
| 2:49 | Queue | Villager (Male) |
| 2:49 | Queue | Villager (Male) |
| 2:50 | Queue | Villager (Male) |
| 3:00 | Build | House |
| 3:05 | Queue | Villager (Male) |
| 3:21 | Queue | Villager (Male) |
| 3:22 | Queue | Villager (Male) |
| 3:35 | Queue | Villager (Male) |
| 3:36 | Queue | Villager (Male) |
| 4:35 | Queue | Villager (Male) |
| 4:35 | Queue | Villager (Male) |
| 4:36 | Queue | Villager (Male) |
| 4:36 | Queue | Villager (Male) |
| 5:01 | Queue | Villager (Male) |
| 5:01 | Queue | Villager (Male) |
| 5:01 | Queue | Villager (Male) |
| 5:01 | Queue | Villager (Male) |
| 5:22 | Build | Barracks |
| 5:33 | Queue | Villager (Male) |
| 5:34 | Queue | Villager (Male) |
| 5:56 | Queue | Villager (Male) |
| 5:57 | Queue | Villager (Male) |
| 6:07 | Build | House |
| 6:32 | Research | Loom |
| 6:32 | Research | Loom |
| 6:51 | Build | Mining Camp |
| 6:58 | Research | Feudal Age |
| 6:58 | Research | Feudal Age |
| 7:18 | Queue | Militia |
| 7:18 | Queue | Militia |
| 7:25 | Build | Mill |
| 7:36 | Queue | Militia ×2 |
| 7:37 | Queue | Militia ×2 |
| 7:58 | Queue | Militia |
| 8:11 | Build | House |
| 8:31 | Build | Mining Camp |
| 8:58 | Build | Palisade Wall |
| 9:03 | Queue | Villager (Male) |
| 9:29 | Age | Feudal Age |
| 9:39 | Research | Man-at-Arms (upgrade) |
| 9:39 | Research | Man-at-Arms (upgrade) |
| 10:06 | Queue | Villager (Male) |
| 10:06 | Queue | Villager (Male) |
| 10:06 | Queue | Villager (Male) |
| 10:06 | Queue | Villager (Male) |
| 10:07 | Queue | Villager (Male) |
| 10:13 | Research | Double-Bit Axe |
| 10:13 | Research | Double-Bit Axe |
| 10:36 | Queue | Villager (Male) |
| 10:36 | Queue | Villager (Male) |
| 10:36 | Queue | Villager (Male) |
| 10:37 | Queue | Villager (Male) |
| 10:48 | Build | Watch Tower |
| 10:51 | Queue | Villager (Male) |
| 10:52 | Queue | Villager (Male) |
| 10:52 | Queue | Villager (Male) |
| 11:37 | Queue | Villager (Male) |
| 11:37 | Queue | Villager (Male) |
| 11:38 | Queue | Villager (Male) |
| 11:38 | Queue | Villager (Male) |
| 12:14 | Queue | Villager (Male) |
| 12:15 | Queue | Villager (Male) |
| 12:15 | Queue | Villager (Male) |
| 12:22 | Build | Dock |
| 12:33 | Queue | Militia |
| 12:33 | Queue | Militia |
| 12:46 | Queue | Villager (Male) |
| 12:53 | Queue | Militia |
| 12:54 | Queue | Militia |
| 12:54 | Queue | Militia |
| 13:10 | Queue | Villager (Male) |
| 13:10 | Queue | Villager (Male) |
| 13:10 | Queue | Villager (Male) |
| 13:15 | Build | Mill |
| 13:20 | Queue | Transport Ship |
| 13:21 | Build | House |
| 13:25 | Build | House |
| 13:53 | Build | House |
| 14:00 | Queue | Villager (Male) |
| 14:00 | Queue | Villager (Male) |
| 14:00 | Queue | Villager (Male) |
| 14:26 | Build | House |
| 14:28 | Queue | Villager (Male) |
| 14:28 | Queue | Villager (Male) |
| 14:28 | Queue | Villager (Male) |
| 15:01 | Build | Watch Tower |
| 15:06 | Queue | Villager (Male) |
| 15:06 | Queue | Villager (Male) |
| 15:06 | Queue | Villager (Male) |
| 15:16 | Queue | Militia ×2 |
| 15:16 | Queue | Militia ×2 |
| 15:36 | Queue | Villager (Male) |
| 15:36 | Queue | Villager (Male) |
| 15:44 | Queue | Villager (Male) |
| 15:45 | Queue | Villager (Male) |
| 15:45 | Queue | Villager (Male) |
| 15:48 | Build | Blacksmith |
| 15:54 | Build | Palisade Wall |
| 15:55 | Build | Palisade Wall |
| 16:03 | Build | Watch Tower |
| 16:05 | Queue | Spearman |
| 16:27 | Queue | Spearman |
| 16:32 | Build | House |
| 16:34 | Build | House |
| 16:57 | Queue | Spearman ×4 |
| 16:57 | Queue | Spearman ×4 |
| 17:05 | Build | Stone Wall |
| 17:15 | Build | Stone Wall |
| 17:18 | Build | Stone Wall |
| 18:01 | Build | Watch Tower |
| 18:02 | Queue | Villager (Male) |
| 18:02 | Queue | Villager (Male) |
| 18:02 | Queue | Villager (Male) |
| 18:02 | Queue | Villager (Male) |
| 18:03 | Queue | Villager (Male) |
| 18:18 | Build | Gate |
| 18:30 | Research | Fletching |
| 18:30 | Research | Fletching |
| 18:38 | Queue | Villager (Male) |
| 18:38 | Queue | Villager (Male) |
| 19:00 | Queue | Villager (Male) |
| 19:00 | Queue | Villager (Male) |
| 19:00 | Queue | Villager (Male) |
| 19:15 | Build | Stone Wall |
| 19:16 | Build | Stone Wall |
| 19:16 | Build | Stone Wall |
| 19:17 | Build | Stone Wall |
| 19:35 | Build | Stable |
| 19:37 | Queue | Villager (Male) |
| 19:37 | Queue | Villager (Male) |
| 19:37 | Queue | Villager (Male) |
| 19:42 | Build | Lumber Camp |
| 19:51 | Build | Lumber Camp |
| 20:09 | Queue | Villager (Male) |
| 20:10 | Queue | Villager (Male) |
Build order — NotATeamPlayer
First 150 of 483 actions detected
| 0:00 | Queue | Villager (Male) ×4 |
| 0:02 | Build | House |
| 0:03 | Build | House |
| 1:10 | Queue | Villager (Male) |
| 1:59 | Queue | Villager (Male) |
| 2:02 | Build | Lumber Camp |
| 2:06 | Queue | Villager (Male) |
| 2:27 | Queue | Villager (Male) |
| 2:27 | Queue | Villager (Male) |
| 3:12 | Queue | Villager (Male) |
| 3:12 | Queue | Villager (Male) |
| 3:38 | Build | Palisade Wall |
| 3:48 | Queue | Villager (Male) |
| 4:06 | Build | Palisade Wall |
| 4:16 | Queue | Villager (Male) |
| 4:18 | Build | House |
| 4:35 | Build | Palisade Wall |
| 4:40 | Queue | Villager (Male) |
| 4:59 | Build | Dock |
| 5:05 | Build | Palisade Wall |
| 5:22 | Build | Palisade Wall |
| 5:32 | Build | Palisade Wall |
| 5:36 | Queue | Villager (Male) |
| 5:39 | Build | House |
| 5:51 | Queue | Villager (Male) |
| 6:32 | Queue | Villager (Male) |
| 6:39 | Build | Mill |
| 7:03 | Queue | Villager (Male) |
| 7:20 | Build | Palisade Wall |
| 7:24 | Build | Palisade Wall |
| 7:36 | Queue | Villager (Male) |
| 7:38 | Queue | Villager (Male) |
| 7:43 | Research | Feudal Age |
| 8:17 | Build | Barracks |
| 8:20 | Build | House |
| 8:48 | Queue | Villager (Male) |
| 8:48 | Queue | Villager (Male) |
| 8:56 | Build | Palisade Wall |
| 9:02 | Build | Palisade Wall |
| 9:06 | Build | Palisade Wall |
| 9:45 | Build | House |
| 10:02 | Build | Palisade Wall |
| 10:11 | Age | Feudal Age |
| 10:14 | Build | Stone Wall |
| 10:19 | Queue | Demolition Raft |
| 10:20 | Queue | Villager (Male) |
| 10:42 | Build | Stone Wall |
| 10:44 | Build | Stone Wall |
| 10:51 | Queue | Villager (Male) |
| 11:26 | Build | Stone Wall |
| 11:35 | Queue | Villager (Male) |
| 11:39 | Queue | Demolition Raft |
| 11:48 | Build | Stable |
| 11:53 | Build | Market |
| 12:10 | Queue | Villager (Male) |
| 12:12 | Build | Mining Camp |
| 12:39 | Queue | Villager (Male) |
| 13:11 | Research | Castle Age |
| 13:33 | Build | Mill |
| 14:07 | Research | Bloodlines |
| 14:35 | Build | Blacksmith |
| 14:59 | Build | Palisade Gate |
| 15:42 | Queue | Villager (Male) |
| 15:51 | Age | Castle Age |
| 15:54 | Queue | Knight ×3 |
| 15:54 | Queue | Knight ×3 |
| 16:10 | Queue | Villager (Male) |
| 16:16 | Build | Stable |
| 16:19 | Build | Blacksmith |
| 16:20 | Queue | Villager (Male) |
| 16:50 | Build | Lumber Camp |
| 17:03 | Queue | Villager (Male) |
| 17:09 | Queue | Villager (Male) |
| 17:29 | Queue | Villager (Male) |
| 17:32 | Build | House |
| 17:49 | Queue | Villager (Male) |
| 17:56 | Build | House |
| 18:12 | Queue | Villager (Male) |
| 18:24 | Build | Siege Workshop |
| 19:09 | Queue | Mangonel |
| 19:16 | Queue | Villager (Male) |
| 19:46 | Queue | Scorpion |
| 20:36 | Queue | Scorpion |
| 20:43 | Build | Town Center |
| 20:58 | Queue | Scorpion |
| 21:37 | Build | House |
| 21:51 | Build | Farm |
| 21:52 | Build | Farm |
| 21:52 | Build | Farm |
| 22:44 | Build | Farm |
| 22:45 | Build | Farm |
| 22:46 | Build | Farm |
| 22:48 | Build | Farm |
| 23:07 | Build | Farm |
| 23:08 | Build | Farm |
| 23:09 | Queue | Villager (Male) |
| 23:09 | Queue | Villager (Male) |
| 23:49 | Build | House |
| 24:23 | Queue | Villager (Male) |
| 24:24 | Queue | Villager (Male) |
| 24:25 | Queue | Villager (Male) |
| 24:26 | Queue | Villager (Male) |
| 24:26 | Queue | Villager (Male) |
| 24:27 | Build | Farm |
| 24:28 | Build | Farm |
| 24:29 | Build | Farm |
| 24:29 | Build | Farm |
| 24:32 | Build | Farm |
| 24:36 | Queue | Villager (Male) |
| 24:47 | Queue | Villager (Male) |
| 25:02 | Queue | Villager (Male) |
| 25:04 | Build | Farm |
| 25:05 | Build | Farm |
| 25:45 | Queue | Villager (Male) |
| 25:52 | Queue | Battering Ram |
| 26:09 | Queue | Villager (Male) |
| 26:20 | Build | Mining Camp |
| 26:22 | Queue | Villager (Male) |
| 26:27 | Build | Palisade Wall |
| 26:28 | Build | Palisade Wall |
| 26:29 | Build | Palisade Wall |
| 26:31 | Build | Palisade Wall |
| 26:32 | Build | Palisade Wall |
| 26:33 | Queue | Villager (Male) |
| 26:55 | Queue | Villager (Male) |
| 27:05 | Queue | Villager (Male) |
| 27:12 | Queue | Villager (Male) |
| 27:25 | Queue | Villager (Male) |
| 27:27 | Build | Monastery |
| 27:37 | Build | Outpost |
| 27:42 | Queue | Villager (Male) |
| 28:02 | Queue | Monk |
| 28:10 | Queue | Villager (Male) |
| 28:14 | Build | Farm |
| 28:16 | Build | Farm |
| 28:16 | Build | Farm |
| 28:27 | Queue | Villager (Male) |
| 28:32 | Build | House |
| 28:33 | Build | House |
| 28:37 | Research | Loom |
| 28:39 | Research | Town Watch |
| 28:54 | Queue | Villager (Male) |
| 28:55 | Queue | Villager (Male) |
| 29:28 | Build | Farm |
| 29:29 | Queue | Villager (Male) |
| 29:29 | Queue | Villager (Male) |
| 29:41 | Queue | Villager (Male) |
| 29:43 | Queue | Villager (Male) |
| 30:01 | Queue | Villager (Male) |
| 30:17 | Build | Castle |
Match timeline
| 3:38 | NotATeamPlayer · wall_segment Palisade Wall x6 |
| 4:06 | NotATeamPlayer · wall_segment Palisade Wall x1 |
| 4:35 | NotATeamPlayer · wall_segment Palisade Wall x5 |
| 4:59 | NotATeamPlayer · first_building Dock |
| 5:05 | NotATeamPlayer · wall_segment Palisade Wall x3 |
| 5:22 | 新竹 · first_building Barracks |
| 5:22 | NotATeamPlayer · wall_segment Palisade Wall x9 |
| 5:32 | NotATeamPlayer · wall_segment Palisade Wall x1 |
| 7:20 | NotATeamPlayer · wall_segment Palisade Wall x1 |
| 7:24 | NotATeamPlayer · wall_segment Palisade Wall x1 |
| 8:17 | NotATeamPlayer · first_building Barracks |
| 8:56 | NotATeamPlayer · wall_segment Palisade Wall x7 |
| 8:58 | 新竹 · wall_segment Palisade Wall x1 |
| 9:02 | NotATeamPlayer · wall_segment Palisade Wall x2 |
| 9:06 | NotATeamPlayer · wall_segment Palisade Wall x9 |
| 9:29 | 新竹 · age_up feudal |
| 10:02 | NotATeamPlayer · wall_segment Palisade Wall x3 |
| 10:11 | NotATeamPlayer · age_up feudal |
| 10:14 | NotATeamPlayer · wall_segment Stone Wall x4 |
| 10:42 | NotATeamPlayer · wall_segment Stone Wall x1 |
| 10:44 | NotATeamPlayer · wall_segment Stone Wall x2 |
| 11:26 | NotATeamPlayer · wall_segment Stone Wall x2 |
| 11:48 | NotATeamPlayer · first_building Stable |
| 12:22 | 新竹 · first_building Dock |
| 13:01 | NotATeamPlayer · first_market_sell 100 stone |
| 15:51 | NotATeamPlayer · age_up castle |
| 15:54 | 新竹 · wall_segment Palisade Wall x2 |
| 15:55 | 新竹 · wall_segment Palisade Wall x2 |
| 17:05 | 新竹 · wall_segment Stone Wall x6 |
| 17:15 | 新竹 · wall_segment Stone Wall x5 |
| 17:18 | 新竹 · wall_segment Stone Wall x15 |
| 18:24 | NotATeamPlayer · first_building Siege Workshop |
| 19:15 | 新竹 · wall_segment Stone Wall x2 |
| 19:16 | 新竹 · wall_segment Stone Wall x2 |
| 19:16 | 新竹 · wall_segment Stone Wall x3 |
| 19:17 | 新竹 · wall_segment Stone Wall x3 |
| 19:35 | 新竹 · first_building Stable |
| 20:40 | NotATeamPlayer · first_market_buy 100 stone |
| 24:28 | 新竹 · wall_segment Stone Wall x1 |
| 25:47 | 新竹 · wall_segment Stone Wall x2 |
| 25:48 | 新竹 · wall_segment Stone Wall x2 |
| 25:49 | 新竹 · wall_segment Stone Wall x3 |
| 25:50 | 新竹 · wall_segment Stone Wall x3 |
| 26:27 | NotATeamPlayer · wall_segment Palisade Wall x5 |
| 26:28 | NotATeamPlayer · wall_segment Palisade Wall x4 |
| 26:29 | NotATeamPlayer · wall_segment Palisade Wall x1 |
| 26:31 | NotATeamPlayer · wall_segment Palisade Wall x6 |
| 26:32 | NotATeamPlayer · wall_segment Palisade Wall x3 |
| 27:27 | NotATeamPlayer · first_building Monastery |
| 27:28 | 新竹 · first_market_buy 100 food |
| 30:17 | NotATeamPlayer · first_building Castle |
| 30:22 | 新竹 · age_up castle |
| 31:33 | 新竹 · first_market_sell 100 stone |
| 32:14 | 新竹 · wall_segment Stone Wall x1 |
| 34:24 | 新竹 · first_building Siege Workshop |
| 37:01 | 新竹 · first_building Monastery |
| 39:48 | 新竹 · first_building Castle |
| 43:34 | 新竹 · first_building Archery Range |
| 46:35 | NotATeamPlayer · age_up imperial |
| 46:42 | 新竹 · wall_segment Stone Wall x1 |
| 47:43 | 新竹 · age_up imperial |
| 74:57 | 新竹 · resign |
[ AI ANALYSIS · 1 CREDIT ]
What really happened in this match?
Wolo.gg analyzes every decision: build order, eco, micro, common mistakes by bracket. Personalized analysis on WhatsApp or Discord in 30 seconds.
Civ guide
Japanese
Perfil
Jugador #14547856